 Dungeon Crawl Stone Soup version 0.29-a0-613-gf2c431b9b9 (webtiles) character file.

Game seed: 16514242945850069174

301 HoaS the Bolt Thrower (level 6, -1/35 HPs)
             Began as a Gargoyle Hunter on June 16, 2022.
             Slain by Edmund
             ... wielding a +3 dire flail of holy wrath
              (3 damage)
             ... on level 4 of the Dungeon.
             The game lasted 00:04:46 (2246 turns).

HoaS the Bolt Thrower (Gargoyle Hunter)             Turns: 2246, Time: 00:04:47

Health: -1/35      AC:  7    Str: 14    XL:     6   Next: 37%
Magic:  6/6        EV: 11    Int: 10    God:
Gold:   184        SH:  0    Dex: 15    Spells: 5/5 levels left

rFire   . . .      SeeInvis .   a - +2 hand crossbow
rCold   . . .      Faith    .   (no shield)
rNeg    + . .      Spirit   .   b - +0 leather armour
rPois   ∞          Reflect  .   (no helmet)
rElec   +          Harm     .   (no cloak)
rCorr   .          Rampage  .   (no gloves)
Will    .....                   (no boots)
Stlth   ++........              (no amulet)
HPRegen 0.11/turn               (no ring)
MPRegen 0.10/turn               (no ring)

@: no status effects
A: sickness immunity, AC +4, negative energy resistance 1, electricity
resistance, torment resistance 1, petrification resistance
a: no special abilities


You were on level 4 of the Dungeon.
You visited 1 branch of the dungeon, and saw 4 of its levels.

You collected 184 gold pieces.

Inventory:

Hand Weapons
 a - a +2 hand crossbow (weapon)
Armour
 b - a +0 leather armour (worn)
Jewellery
 n - the ring of Nueshr Omene {rElec rC+ Str+4 Int-5}
   (You took it off an orc on level 3 of the Dungeon)

   [ring of protection from cold]

   Str:       It affects your strength (+4).
   Int:       It affects your intelligence (-5).
   rC:        It protects you from cold.
   rElec:     It insulates you from electricity.
Wands
 i - a wand of iceblast (14)
 j - a wand of polymorph (6)
Scrolls
 c - 2 scrolls of immolation
 e - a scroll of fear
 g - 2 scrolls of noise
 k - a scroll of teleportation
Potions
 d - a potion of resistance
 h - a potion of invisibility
 l - a potion of curing


   Skills:
 - Level 2.1 Fighting
 + Level 7.5 Crossbows
 - Level 1.5 Dodging
 - Level 1.1 Stealth


You had 5 spell levels left.
You didn't know any spells.
Your spell library was empty.

Dungeon Overview and Level Annotations

Branches:
Dungeon (4/15)
 Temple: D:4-7

Altars:
Cheibriados

Annotations:
D:4 Edmund


Innate Abilities, Weirdness & Mutations

You are immune to sickness and miasma.
Your stone body is resilient. (AC +4)
You are immune to poison.
You resist negative energy. (rN+)
You are resistant to electric shocks. (rElec)
You are resistant to unholy torment.
You are immune to petrification.


Message History

Edmund struggles against the net.
Shoot: a) +2 hand crossbow
Press: ? - help, Q - select action, (/) - cycle Shift-Dir - straight line, f/p - Edmund
Aim: Edmund, wielding a +3 dire flail of holy wrath and wearing a +0 scale mail (lightly wounded, entangled in a net, 94% to hit)
You shoot a bolt.
The bolt hits Edmund but does no damage.
Edmund is lightly wounded.
Edmund struggles against the net.
The net rips apart, and Edmund comes free!
Edmund closely misses you.
Shoot: a) +2 hand crossbow
Press: ? - help, Q - select action, (/) - cycle Shift-Dir - straight line, f/p - Edmund
Aim: Edmund, wielding a +3 dire flail of holy wrath and wearing a +0 scale mail (lightly wounded, 69% to hit)
You shoot a bolt. The bolt barely misses Edmund.
Edmund hits you with a +3 dire flail of holy wrath!
Shoot: a) +2 hand crossbow
Press: ? - help, Q - select action, (/) - cycle Shift-Dir - straight line, f/p - Edmund
Aim: Edmund, wielding a +3 dire flail of holy wrath and wearing a +0 scale mail (lightly wounded, 69% to hit)
You shoot a bolt. The bolt hits Edmund.
Edmund is lightly wounded.
Edmund hits you with a +3 dire flail of holy wrath!
Shoot: a) +2 hand crossbow
Press: ? - help, Q - select action, (/) - cycle Shift-Dir - straight line, f/p - Edmund
Aim: Edmund, wielding a +3 dire flail of holy wrath and wearing a +0 scale mail (lightly wounded, 69% to hit)
You shoot a bolt. The bolt barely misses Edmund.
Edmund hits you with a +3 dire flail of holy wrath.
Shoot: a) +2 hand crossbow
Press: ? - help, Q - select action, (/) - cycle Shift-Dir - straight line, f/p - Edmund
Aim: Edmund, wielding a +3 dire flail of holy wrath and wearing a +0 scale mail (lightly wounded, 69% to hit)
You shoot a bolt. The bolt hits Edmund.
Edmund is moderately wounded.
Edmund hits you with a +3 dire flail of holy wrath!
* * * LOW HITPOINT WARNING * * *
Shoot: a) +2 hand crossbow
Press: ? - help, Q - select action, (/) - cycle Shift-Dir - straight line, f/p - Edmund
Aim: Edmund, wielding a +3 dire flail of holy wrath and wearing a +0 scale mail (moderately wounded, 69% to hit)
You shoot a bolt. The bolt hits Edmund.
Edmund is moderately wounded.
Edmund hits you with a +3 dire flail of holy wrath.
You die...

.. ## ... ..
... .######.#
.......#
..#####....#.#
....)..).@$..#
...?...[@.##...
..........#
..........#
............
...........#.
$....$....## ..
........... .
............


You could see Edmund.

Vanquished Creatures
  A black bear (D:4)
  A scorpion (D:4)
  An orc wizard (D:3)
  5 adders (D:2)
  3 dart slugs
  6 orcs
  6 ball pythons
  8 bats
  6 endoplasms
  5 giant cockroaches
  3 goblins (D:2)
  6 hobgoblins
  A jackal (D:2)
  4 quokkas
  5 frilled lizards
  6 kobolds
  5 rats
72 creatures vanquished.

Vanquished Creatures (others)
  2 plants (D:1)
2 creatures vanquished.

Grand Total: 74 creatures vanquished

Notes
Turn   | Place    | Note
-------+----------+-------------------------------------------
     0 | D:1      | HoaS the Gargoyle Hunter began the quest for the Orb.
     0 | D:1      | Reached XP level 1. HP: 12/12 MP: 1/1
   212 | D:1      | Reached XP level 2. HP: 17/17 MP: 2/2
   764 | D:2      | Reached XP level 3. HP: 21/21 MP: 3/3
   823 | D:2      | Reached skill level 5 in Crossbows
   979 | D:2      | Found a faded altar of an unknown god.
   988 | D:2      | Reached XP level 4. HP: 26/26 MP: 4/4
  1007 | D:2      | Found a snail-covered altar of Cheibriados.
  1521 | D:3      | Reached skill level 6 in Crossbows
  1838 | D:3      | Reached XP level 5. HP: 30/30 MP: 5/5
  1873 | D:3      | Identified the ring of Nueshr Omene {rElec rC+ Str+4 Int-5}
  2088 | D:4      | Noticed a black bear
  2094 | D:4      | Killed a black bear
  2095 | D:4      | Reached skill level 7 in Crossbows
  2095 | D:4      | Reached XP level 6. HP: 20/35 MP: 6/6
  2232 | D:4      | Noticed Edmund
  2246 | D:4      | Slain by Edmund

Illustrated notes

Levels and vault maps discovered:
D:1:      sevenhm_arrival_forest_fort_large_4, layout_basic, serial_bayou,
          serial_bayou_shore_b, serial_bayou_crossing, serial_bayou_pond_d,
          serial_bayou_ford_a
D:2:      kennysheep_six_static_rooms, layout_loops_ring, basic_altar,
          hellmonk_ecumenical_altar_run_dry
D:3:      layout_rooms, chequers_serial_rivers_marsh, minivault_14
D:4:      minmay_bubble_buster, layout_rooms, ebering_ghost_rock_garden,
          guppyfry_early_orc_mine, uniq_duvessa, uniq_edmund

Skill      XL: |  1  2  3  4  5 |
---------------+----------------+-----
Crossbows      | 5 6 7 |  7.5
Fighting       | |  2.1
Dodging        | |  1.5
Stealth        | |  1.1

Action                   |  1- 3 |  4- 6 || total
-------------------------+-------+-------++-------
 Fire: Hand crossbow     |    76 |   121 ||   197
Throw: Throwing net      |       |     1 ||     1
Evoke: Wand              |       |     2 ||     2
  Use: Scroll            |     2 |     5 ||     7
Armor: Leather armour    |     9 |    10 ||    19
Dodge: Dodged            |    11 |    14 ||    25

Table legend: (Time is in decaauts)
 A = Elapsed time spent in this place.
 B = Non-inter-level travel time spent in this place.
 C = Inter-level travel time spent in this place.
 D = Time resting spent in this place.
 E = Time spent auto-exploring this place.
 F = Levels seen in this place.
 G = Mean time per level.
                   A        B        C        D        E       F      G
               +--------+--------+--------+--------+--------+-----+--------+
         Total |   2316 |   2228 |     88 |    376 |   1470 |   4 |  579.0 |
       Dungeon |   2316 |   2228 |     88 |    376 |   1470 |   4 |  579.0 |
               +--------+--------+--------+--------+--------+-----+--------+

Top non-repeatable levels by time:
     D:2: 880 daAuts
     D:1: 695 daAuts
     D:3: 633 daAuts
     D:4: 108 daAuts
